 Dungeon Sprint DCSS version 0.30-a0-824-g6c64550be9 (webtiles) character file.

Game seed: 15353534249872393296

3200000 BigDaddyOpFi the Intangible (level 23, -11/201 HPs)
             Began as a Djinni Transmuter on Feb 27, 2023.
             Was the Champion of Makhleb.
             Mangled by The Servant
             ... wielding a +9 glaive of flaming
              (70 damage)
             ... in the Dungeon (Sprint VIII: "Arena of Blood").
             The game lasted 00:00:53 (32 turns).

BigDaddyOpFi the Intangible (Djinni Transmuter)       Turns: 32, Time: 00:00:54

Health: -11/201    AC:  2    Str:  9    XL:     23   Next: 20%
Gold:   0          EV: 59    Int: 18    God:    Makhleb [******] SH:  0 Dex: 27

rFire   . . .      SeeInvis .      - Unarmed
rCold   . . .      Faith    .    (shield currently unavailable)
rNeg    . . .      Spirit   .    (body armour currently unavailable)
rPois   ∞          Reflect  .    (helmet currently unavailable)
rElec   .          Harm     .    (cloak currently unavailable)
rCorr   .          Rampage  .    (gloves currently unavailable)
Will    ++...      NoTele   +    (boots unavailable)
Stlth   ++++++++++               (no amulet)
HPRegen 0.53/turn                (no ring)
MPRegen 0.00/turn                (no ring)

@: spider-form, flying
A: venomous fangs, flying, sickness immunity, tiny, (fire resistance 2), (cold
vulnerability 1), float, innate caster, HP casting, extra vitality 1
a: End Transformation, Renounce Religion, Minor Destruction, Lesser Servant of
Makhleb, Major Destruction, Greater Servant of Makhleb


You were in the Dungeon.
You worshipped Makhleb.
Makhleb was exalted by your worship.
You were a venomous arachnid creature.
You visited 1 branch

Inventory:

Hand Weapons
 h - the +∞ Axe of Woe (melded)
   (You found it in the Dungeon)
Armour
 a - a +0 robe (melded)
Scrolls
 g - a scroll of blinking
Potions
 b - a potion of lignification
 c - a potion of curing
 d - a potion of heal wounds
 e - a potion of haste
 f - a potion of berserk rage


   Skills:
 O Level 27 Fighting
 O Level 27 Axes
 + Level 12.9(21.5) Maces & Flails
 + Level 12.9(21.5) Polearms
 O Level 27 Armour
 O Level 27 Dodging
 O Level 27 Stealth
 O Level 27 Unarmed Combat
 O Level 27 Spellcasting
 O Level 27 Invocations


You knew the following spells:

 Your Spells              Type           Power      Damage    Failure   Level
a - Beastly Appendage     Tmut           100%       N/A       1%          1
b - Wereblood             Tmut           88%        N/A       1%          2
c - Spider Form           Tmut/Pois      88%        N/A       1%          3
d - Ice Form              Ice/Tmut       88%        N/A       1%          4
e - Foxfire               Conj/Fire      100%       2x1d9     1%          1
f - Ensorcelled Hibernat  Hex/Ice        100%       N/A       1%          2
g - Vhi's Electric Charg  Tloc/Air       100%       N/A       1%          3
h - Animate Armour        Summ/Erth      100%       N/A       1%          4
i - Lightning Bolt        Conj/Air       44%        1d63      1%          5
j - Fireball              Conj/Fire      44%        3d18      1%          5
k - Starburst             Conj/Fire      44%        6d12      1%          6
l - Spellforged Servitor  Conj/Summ      44%        N/A       1%          7
m - Conjure Ball Lightni  Conj/Air       44%        3x3d15    1%          6
n - Dragon Form           Tmut           44%        N/A       1%          7
o - Summon Hydra          Summ           44%        N/A       1%          7
Your spell library was empty.

Dungeon Overview and Level Annotations

Branches:
Dungeon (1/1)

Altars:
Makhleb

Annotations:
D The Servant


Innate Abilities, Weirdness & Mutations

You are a venomous arachnid creature.
You have venomous fangs.
You are tiny and dextrous.
You are flying.
Your spellcasting is less reliable in this form.
Your armour is entirely melded.
You are incapable of wielding weapons or throwing items.
You are immune to sickness and miasma.
You are immune to poison.
((Your flesh is very heat resistant. (rF++)))
((You are vulnerable to cold. (rC-)))
You float through the air rather than walking.
You learn spells naturally, not from books.
Your magical power is your life essence.
You have superior vitality. (+4 MHP)


Message History

You slice the bag of meat!!
You pulverise the bag of meat into a thin bloody mist.
You kill the bag of meat!
Makhleb accepts your kill.
You feel better.
You slash the bag of meat!
You dissect the bag of meat like a pig carcass.
You kill the bag of meat!
Makhleb accepts your kill.
You feel better.
You hear a shout!
The Servant is engulfed in blazing flames.
The Servant hits you from afar with a +9 glaive of flaming!!!!
* * * LOW HITPOINT WARNING * * *
The Servant burns you!
* * * LOW HITPOINT WARNING * * *
You hear a shout! x3
Your base Maces & Flails skill gained 5 levels and is now at level 11!
Your base Polearms skill gained 5 levels and is now at level 11!
You have reached level 23!
The power to cast Summon Hydra wells up from within.
Spell assigned to 'o'.
You slice the bag of meat!!
You butcher the bag of meat messily.
You kill the bag of meat!
Makhleb accepts your kill.
You feel better.
You hear a shout! x5
Your base Maces & Flails skill increases to level 12!
Your base Polearms skill increases to level 12!
Unknown command.
Casting: Vhi's Electric Charge (safe; 0% risk of failure)
Confirm with . or Enter, or press ? or * to list all spells.
You turn into a venomous arachnid creature.
The +∞ Axe of Woe melds into your body.
Your +0 robe melds into your body.
* * * LOW HITPOINT WARNING * * *
You hear a shout!
A meat berserker comes into view. It is wielding a +9 battleaxe.
You hear a shout!
The Servant is engulfed in blazing flames.
The Servant hits you from afar with a +9 glaive of flaming!!!
You die...

........... .....
.......... O ....
#.......# .o#.o.
#..§....# .
....O.###.)o....###..
. ....o...o###......
...#.o.o.Vo._.....
.#.o.oOV)#..)..#..
.....§os.#_)<)_#
.#...§)§)#.)O)o#
...#.@○§...._..... .
.........###O.....
......###.......###..
...... #..z....# .
...... #.......#
...... .........


You could see The Servant, 2 destroyers, a sculptor of flesh, 3 meat berserkers
and 11 bags of meat.

Vanquished Creatures
  2 vampire knights (D)
  15 ogres (D)
  A two-headed ogre (D)
  26 orcs (D)
44 creatures vanquished.

Notes
Turn   | Place    | Note
-------+----------+-------------------------------------------
     0 | D        | Found the +∞ Axe of Woe
     0 | D        | BigDaddyOpFi the Djinni Transmuter began the quest for the
                  | Orb.
     0 | D        | BigDaddyOpFi set off with the following spells memorised:
                  | Beastly Appendage, Wereblood, Spider Form, Ice Form.
     0 | D        | Reached XP level 1. HP: 17/17 MP: 0/0
     2 | D        | Noticed a bag of meat
     4 | D        | Became a worshipper of Makhleb the Destroyer
     4 | D        | Noticed a bag of meat
     5 | D        | Noticed a bag of meat
     6 | D        | Noticed a bag of meat
     8 | D        | Noticed a meat berserker
     9 | D        | Killed a bag of meat
     9 | D        | Killed a bag of meat
     9 | D        | Reached * piety under Makhleb
     9 | D        | Killed a bag of meat
     9 | D        | Noticed a meat berserker
    10 | D        | Reached skill level 10 in Axes
    10 | D        | Reached skill level 10 in Stealth
    10 | D        | Reached XP level 2. HP: 38/38 MP: 0/0
    10 | D        | Reached XP level 3. HP: 43/43 MP: 0/0
    10 | D        | Learned a level 1 spell: Foxfire
    10 | D        | Reached XP level 4. HP: 49/49 MP: 0/0
    10 | D        | Reached XP level 5. HP: 55/55 MP: 0/0
    10 | D        | Learned a level 2 spell: Ensorcelled Hibernation
    10 | D        | Reached XP level 6. HP: 61/61 MP: 0/0
    10 | D        | Reached XP level 7. HP: 67/67 MP: 0/0
    10 | D        | Learned a level 3 spell: Vhi's Electric Charge
    10 | D        | Reached XP level 8. HP: 72/72 MP: 0/0
    10 | D        | Reached XP level 9. HP: 77/77 MP: 0/0
    10 | D        | Learned a level 4 spell: Animate Armour
    10 | D        | Reached XP level 10. HP: 84/84 MP: 0/0
    10 | D        | Reached XP level 11. HP: 89/89 MP: 0/0
    10 | D        | Learned a level 5 spell: Lightning Bolt
    10 | D        | Reached XP level 12. HP: 95/95 MP: 0/0
    10 | D        | Reached XP level 13. HP: 101/101 MP: 0/0
    10 | D        | Learned a level 5 spell: Fireball
    10 | D        | Killed a bag of meat
    10 | D        | Noticed a bag of meat
    10 | D        | Noticed a bag of meat
    10 | D        | Noticed a bag of meat
    11 | D        | Reached skill level 10 in Spellcasting
    11 | D        | Noticed a meat berserker
    12 | D        | Killed a meat berserker
    12 | D        | Reached ** piety under Makhleb
    12 | D        | Noticed a bag of meat
    13 | D        | Reached skill level 15 in Dodging
    13 | D        | Reached XP level 14. HP: 108/112 MP: 0/0
    13 | D        | Killed a meat berserker
    13 | D        | Killed a meat berserker
    13 | D        | Noticed a meat berserker
    13 | D        | Noticed a meat berserker
    14 | D        | Reached skill level 15 in Fighting
    14 | D        | Reached skill level 15 in Armour
    14 | D        | Reached skill level 15 in Invocations
    14 | D        | Reached XP level 15. HP: 121/121 MP: 0/0
    14 | D        | Learned a level 6 spell: Starburst
    14 | D        | Noticed a meat berserker
    16 | D        | Killed a meat berserker
    16 | D        | Reached *** piety under Makhleb
    16 | D        | Reached **** piety under Makhleb
    17 | D        | Reached skill level 15 in Axes
    17 | D        | Reached XP level 16. HP: 132/132 MP: 0/0
    17 | D        | Killed a meat berserker
    17 | D        | Noticed a meat berserker
    17 | D        | Noticed a meat berserker
    18 | D        | Reached XP level 17. HP: 139/139 MP: 0/0
    18 | D        | Learned a level 7 spell: Spellforged Servitor
    18 | D        | Killed a meat berserker
    19 | D        | Reached skill level 15 in Spellcasting
    19 | D        | Noticed a meat berserker
    19 | D        | Reached ***** piety under Makhleb
    20 | D        | Noticed a large bag of meat
    20 | D        | Noticed a meat berserker
    20 | D        | Noticed a meat berserker
    20 | D        | Noticed a meat berserker
    20 | D        | Noticed a destroyer
    21 | D        | Reached XP level 18. HP: 149/149 MP: 0/0
    21 | D        | Noticed a meat berserker
    21 | D        | Noticed a meat berserker
    22 | D        | Noticed a meat berserker
    23 | D        | Killed a meat berserker
    23 | D        | Killed a meat berserker
    23 | D        | Killed a meat berserker
    24 | D        | Reached XP level 19. HP: 162/162 MP: 0/0
    24 | D        | Learned a level 6 spell: Conjure Ball Lightning
    24 | D        | Killed a meat berserker
    24 | D        | Reached ****** piety under Makhleb
    24 | D        | Killed a large bag of meat
    25 | D        | Reached XP level 20. HP: 155/173 MP: 0/0
    25 | D        | Noticed a destroyer
    25 | D        | Killed a destroyer
    25 | D        | Killed a meat berserker
    25 | D        | Noticed a meat berserker
    26 | D        | Reached skill level 27 in Dodging
    26 | D        | Reached XP level 21. HP: 148/182 MP: 0/0
    26 | D        | Learned a level 7 spell: Dragon Form
    26 | D        | Killed a meat berserker
    26 | D        | Killed a meat berserker
    27 | D        | Noticed a meat berserker
    27 | D        | Noticed The Servant
    27 | D        | Killed a meat berserker
    27 | D        | Noticed a destroyer
    28 | D        | Reached skill level 27 in Fighting
    28 | D        | Reached skill level 27 in Unarmed Combat
    28 | D        | Killed a destroyer
    29 | D        | Reached skill level 27 in Armour
    29 | D        | Reached skill level 27 in Stealth
    29 | D        | Reached skill level 27 in Invocations
    29 | D        | Reached XP level 22. HP: 68/194 MP: 0/0
    29 | D        | Killed a meat berserker
    29 | D        | Noticed a destroyer
    30 | D        | Reached skill level 27 in Axes
    30 | D        | Reached skill level 27 in Spellcasting
    31 | D        | Reached XP level 23. HP: 33/201 MP: 0/0
    31 | D        | Learned a level 7 spell: Summon Hydra
    32 | D        | Mangled by The Servant

Illustrated notes

Levels and vault maps discovered:
D:        meatsprint

Skill      XL: |  1  2  3  4  5  6  7  8  9 10 11 12 13 14 15 16 17 18 19 20 21 22 23 |
---------------+----------------------------------------------------------------------+-----
Fighting       | 12 14 15 17 18 20 22 23 25 27 | 27.0
Axes           | 10 11 13 15 17 19 20 21 25 27 | 27.0
Armour         | 11 13 15 17 18 20 22 23 25 27 | 27.0
Dodging        | 13 15 17 19 20 21 24 25 27 | 27.0
Stealth        | 10 12 14 16 17 18 20 21 23 27 | 27.0
Unarmed Combat | 12 14 16 17 18 20 22 23 25 27 | 27.0
Spellcasting   | 9 11 12 14 15 17 18 20 24 27 | 27.0
Invocations    | 11 13 15 17 18 20 22 23 25 27 | 27.0
Maces & Flails | 11 12 | 12.9
Polearms       | 11 12 | 12.9

Action                     |  1- 3 |  4- 6 |  7- 9 | 10-12 | 13-15 | 16-18 | 19-21 | 22-24 || total
---------------------------+-------+-------+-------+-------+-------+-------+-------+-------++-------
  Melee: Executioner's axe |     1 |       |       |       |     4 |     6 |     5 |     3 ||    19
   Cast: Lightning Bolt    |       |       |       |       |     1 |       |       |       ||     1
         Ensorcelled Hiber |       |       |       |       |     1 |       |       |       ||     1
         Vhi's Electric Ch |       |       |       |       |       |     2 |       |       ||     2
         Spider Form       |       |       |       |       |       |       |       |     1 ||     1

Table legend: (Time is in decaauts)
 A = Elapsed time spent in this place.
 B = Non-inter-level travel time spent in this place.
 C = Inter-level travel time spent in this place.
 D = Time resting spent in this place.
 E = Time spent auto-exploring this place.
 F = Levels seen in this place.
 G = Mean time per level.
                   A        B        C        D        E       F      G
               +--------+--------+--------+--------+--------+-----+--------+
         Total |     32 |     32 |      0 |      0 |      0 |   1 |   32.0 |
       Dungeon |     32 |     32 |      0 |      0 |      0 |   1 |   32.0 |
               +--------+--------+--------+--------+--------+-----+--------+

Top non-repeatable levels by time:
       D: 32 daAuts
